 Dungeon Crawl Stone Soup version 0.25-b1-41-g19641232cd (webtiles) character file.

Game seed: 464201344726320659

60 HoaS the Ruffian (level 4, -1/29 HPs)
             Began as a Gargoyle Berserker on June 8, 2020.
             Was a Believer of Trog.
             Slain by Sigmund
             ... wielding a +6 vampiric scythe
              (10 damage)
             ... on level 2 of the Dungeon.
             The game lasted 00:03:03 (1594 turns).

HoaS the Ruffian (Gargoyle Berserker)               Turns: 1594, Time: 00:03:04

Health: -1/29      AC:  9    Str: 20    XL:     4   Next: 4%
Magic:  4/4        EV: 11    Int:  8    God:    Trog [**....]
Gold:   71         SH:  0    Dex: 10    Spells: 3/3 levels left

rFire    . . .     SeeInvis .     - Unarmed
rCold    . . .     Gourm    .   (no shield)
rNeg     + . .     Faith    .   f - +0 ring mail
rPois    ∞         Spirit   .   (no helmet)
rElec    +         Reflect  .   (no cloak)
rCorr    .         Harm     .   (no gloves)
MR       .....                  (no boots)
Stlth    ..........             (no amulet)
HPRegen  0.09/turn              (no ring)
MPRegen  0.09/turn              (no ring)

@: confused
A: negative energy resistance 1, electricity resistance, unbreathing,
petrification resistance, rot immunity, AC +3
a: Berserk, Trog's Hand, Renounce Religion


You were on level 2 of the Dungeon.
You worshipped Trog.
Trog was pleased with you.
You were near starving.

You visited 1 branch of the dungeon, and saw 2 of its levels.

You collected 71 gold pieces.

Inventory:

Armour
 f - a +0 ring mail (worn)
Jewellery
 e - an uncursed ring of resist corrosion {unknown}
 k - a +4 ring of evasion {unknown}
 l - an uncursed ring of ice {unknown}
Scrolls
 a - a scroll of fear {unknown}
 d - 6 scrolls of identify {unknown}
 g - a scroll of teleportation {unknown}
 h - 3 scrolls of remove curse {unknown}
 m - a scroll of magic mapping {unknown}
 n - a scroll of blinking {unknown}
Potions
 c - 3 potions of curing {unknown}
 j - a potion of brilliance {unknown}
Comestibles
 b - 3 rations


   Skills:
 + Level 4.0 Fighting
 - Level 2.1 Armour
 - Level 1.5 Dodging
 * Level 4.3 Unarmed Combat


You had 3 spell levels left.
You didn't know any spells.
Your spell library was empty.

Dungeon Overview and Level Annotations

Branches:
Dungeon (2/15)

Altars:

Annotations:
D:2 Sigmund


Innate Abilities, Weirdness & Mutations

You are resistant to torment.
Your stone body is resilient. (AC +3)
You are immune to poison.
You resist negative energy. (rN+)
You are resistant to electric shocks. (rElec)
You can survive without breathing.
You are immune to petrification.
You are immune to rotting.


Message History

You closely miss something.
The goblin shoots a stone.
The stone barely misses you.
You hit something. Something hits you but does no damage.
You hit something but do no damage.
The goblin shoots a stone.
You barely miss something. Something hits you.
The goblin shoots a stone.
The stone misses you.
You barely miss something.
Your skin stops crawling.
You feel less resistant to hostile enchantments.
The goblin shoots a stone.
The stone hits you but does no damage.
You hear some strange, mumbled words.
You are confused.
You're too confused to move!
The goblin shoots a stone.
The stone hits you.
You hear some strange, mumbled words.
You are more confused.
You hear some strange, mumbled words.
A magic dart appears from out of thin air!
The magic dart hits you! Something hits you!
You die...

.......[..........##
##...####.......# #.#
###.[...g.#.)..# #..
#..###.((...## ..#
#..# #.....!# #.#
##..# #..##...... #.#
##...# #.####......
##.########..#.###.##
#......
.#..............@{..#
#......
............##...(..#
...#.#
....#####...........#
.#..#
###.......####.<....#
###..###### #......#
#....# #......#
..##.# ########
####.# #..


There were no monsters in sight!

Vanquished Creatures
  An adder (D:1)
  A worm (D:2)
  3 dart slugs (D:1)
  2 leopard geckos (D:1)
  4 goblins
  7 hobgoblins
  3 jackals (D:1)
  5 bats
  2 frilled lizards (D:1)
  6 kobolds (D:1)
  3 rats (D:1)
37 creatures vanquished.

Notes
Turn   | Place    | Note
-------+----------+-------------------------------------------
     0 | D:1      | HoaS the Gargoyle Berserker began the quest for the Orb.
     0 | D:1      | Reached XP level 1. HP: 14/14 MP: 1/1
   253 | D:1      | Reached XP level 2. HP: 10/19 MP: 2/2
   547 | D:1      | Reached XP level 3. HP: 15/24 MP: 3/3
   972 | D:1      | Reached ** piety under Trog
  1427 | D:2      | Noticed Sigmund
  1454 | D:1      | Reached XP level 4. HP: 18/29 MP: 4/4
  1594 | D:2      | Slain by Sigmund

Illustrated notes

Levels and vault maps discovered:
D:1:      onia_arrival_pyramid, layout_basic, hangedman_decor_riveting,
          minmay_nonomino_d4
D:2:      layout_rooms, uniq_sigmund

Skill      XL: |  1  2  3 |
---------------+----------+-----
Unarmed Combat | 4 |  4.3
Fighting       | 4 |  4.0
Armour         | |  2.1
Dodging        | |  1.5

Action                   |  1- 3 |  4- 6 || total
-------------------------+-------+-------++-------
Melee: Unarmed           |   130 |    11 ||   141
       Punch             |     1 |       ||     1
Invok: Trog's Hand       |       |     1 ||     1
  Eat: Chunk             |     1 |       ||     1
Armor: Animal skin       |    20 |       ||    20
       Leather armour    |    19 |       ||    19
       Ring mail         |     8 |     3 ||    11
Dodge: Dodged            |    79 |     3 ||    82
